 Dungeon Crawl Stone Soup version 0.31-a0-986-g5e6e4ef867 (webtiles) character file.

Game seed: 6153265784479780175

9254 zenocrate the Frost Mage (level 11, -5/82 HPs)
             Began as a Green Draconian Ice Elementalist on Nov 15, 2023.
             Was a Priest of Cheibriados.
             Slain by a komodo dragon (13 damage)
             ... on level 1 of the Lair of Beasts.
             The game lasted 00:10:28 (8561 turns).

zenocrate the Frost Mage (DrIE)                     Turns: 8561, Time: 00:10:28

Health: -5/82      AC:  9    Str: 24    XL:     11   Next: 20%
Magic:  0/24       EV: 15    Int: 32    God:    Cheibriados [***...]
Gold:   42         SH:  0    Dex: 22    Spells: 14/29 levels left

rFire   + . .        b - +8 hammer "Gesab" {freeze, Dex+4}
rCold   . . .        (no shield)
rNeg    . . .        (body armour unavailable)
rPois   +            (helmet restricted)
rElec   .            l - +1 cloak
rCorr   .            (no gloves)
SInv    .            (no boots)
Will    .....        e - amulet of guardian spirit
Stlth   +++          v - +6 ring of strength
HPRegen 0.33/turn    x - ring of protection from fire
MPRegen 0.19/turn

%: guardian spirit
@: freezing walls, very slow
A: breathe noxious fumes, AC +7, unfitting armour, poison resistance,
cold-blooded, stinger 1, clever 1, wild magic 1
a: Breathe Noxious Fumes, Renounce Religion, Bend Time, Temporal Distortion


You were on level 1 of the Lair of Beasts.
You worshipped Cheibriados.
Cheibriados was most pleased with you.
You visited 3 branches of the dungeon, and saw 10 of its levels.

You collected 410 gold pieces.
You spent 368 gold pieces at shops.

Inventory:

Hand Weapons
 a - a +2 whip of electrocution
 b - the +8 hammer "Gesab" (weapon) {freeze, Dex+4}
   (You found it on level 2 of the Dungeon)

   Dex+4:     It affects your dexterity (+4).
 z - a +2 hammer of holy wrath
Missiles
 p - 5 silver javelins
 D - a throwing net
 F - 3 boomerangs
Armour
 l - a +1 cloak (worn)
 y - a scarf of harm
Jewellery
 e - an amulet of guardian spirit (around neck)
 v - a +6 ring of strength (left hand)
 x - a ring of protection from fire (right hand)
Talismans
 w - a blade talisman
 E - a serpent talisman
Wands
 d - a wand of flame (10)
Scrolls
 c - 2 scrolls of noise {unknown}
 f - 2 scrolls of fog {unknown}
 i - a scroll of brand weapon {unknown}
 k - 4 scrolls of teleportation
 n - 2 scrolls of revelation
 o - 3 scrolls of immolation {unknown}
 q - 3 scrolls of fear
 r - 2 scrolls of enchant weapon {unknown}
 s - a scroll of enchant armour {unknown}
 G - a scroll of amnesia {unknown}
 H - a scroll of summoning
Potions
 g - 4 potions of heal wounds
 h - 2 potions of berserk rage
 j - a potion of mutation
 m - 2 potions of magic
 t - 4 potions of curing
 u - a potion of attraction
 B - a potion of might {unknown}
 C - a potion of cancellation {unknown}


   Skills:
 - Level 3.2 Fighting
 - Level 4.5 Dodging
 + Level 3.1 Stealth
 + Level 9.7 Spellcasting
 - Level 10.4 Ice Magic
 + Level 7.3 Poison Magic
 - Level 3.0 Evocations
 - Level 4.5 Shapeshifting


You had 14 spell levels left.
You knew the following spells:

 Your Spells              Type           Power      Damage    Failure   Level
a - Freeze                Ice            100%       1d10      1%          1
b - Frozen Ramparts       Ice            100%       1d16      1%          3
c - Ozocubu's Armour      Ice            82%        N/A       1%          3
d - Olgreb's Toxic Radia  Pois           69%        N/A       3%          4
e - Summon Ice Beast      Ice/Summ       59%        N/A       6%          4

Your spell library contained the following spells:

 Spells                   Type           Power      Damage    Failure   Level
 Sting                    Tmut/Pois      100%       1d8       1%          1
 Poisonous Vapours        Pois/Air       100%       N/A       2%          2
 Necrotise                Necr           80%        1d8       5%          1
 Vampiric Draining        Necr           20%        2d7       14%         3
 Agony                    Necr           20%        N/A       73%         5


Dungeon Overview and Level Annotations

Branches:
Dungeon (8/15)             Temple (1/1) D:6            Lair (1/5) D:8

Altars:
Ashenzari
Cheibriados
Dithmenos
Elyvilon
Fedhas
Gozag
Hepliaklqana
Kikubaaqudgha
Makhleb
Nemelex Xobeh
Okawaru
Qazlal
Ru
Sif Muna
Trog
Uskayaw
Vehumet
Wu Jian
Xom
Yredelemnul
Zin
The Shining One

Shops:
D:5 *   D:8 ?

Annotations:
D:3 Ijyb


Innate Abilities, Weirdness & Mutations

You can breathe blasts of noxious fumes.
Your lurid green scales are hard. (AC +7)
You cannot fit into any form of body armour.
Your system is resistant to poisons. (rPois)
You are cold-blooded and may be slowed by cold attacks.
Your tail ends in a venomous barb.
Your mind is acute. (Int +4, Str/Dex -1)
Your spells are a little harder to cast, but a little more powerful.


Message History

You sock the water moccasin! You freeze the water moccasin.
The water moccasin is heavily wounded.
The rime drake breathes ice at you. The icy flash freeze hits you!!
You are encased in ice.
The water moccasin bites you.
* * * LOW HITPOINT WARNING * * *
The rime drake closely misses you.
You are too injured to fight recklessly!
Unknown command.
You miss the water moccasin.
The water moccasin is heavily wounded.
The water moccasin is no longer moving slowly.
The water moccasin misses you. The rime drake barely misses you.
The water moccasin barely misses you.
The rime drake bites you but does no damage.
Unknown command.
Unknown command.
You sock the water moccasin! You freeze the water moccasin.
You kill the water moccasin!
Cheibriados appreciates the change of pace.
You kill the rime drake!
Cheibriados appreciates the change of pace.
Your Stealth skill increases to level 3!
Unknown command.
Unknown command.
You hit the komodo dragon.
The komodo dragon seems to slow down.
You freeze the komodo dragon.
The komodo dragon is lightly wounded.
The ice encasing you melts away. The komodo dragon bites you!!
* * * LOW HITPOINT WARNING * * *
The blink frog barely misses you.
Unknown command.
Unknown command.
You feel much better. The blink frog hits you!
* * * LOW HITPOINT WARNING * * *
The komodo dragon hisses menacingly.
The komodo dragon bites you!
You die...

##..## ..# #....###..#
###..
#######..##P#..##.#...
#(................... .
#............[......##..
..###..#P.##.###.#......
#..#####.#..##..... ##
#..# ##.⌠.#.†.##.⌠. .#
#.†# #.....@F...... .#
#..# #⌠.>..+l.....>
.####..##.#.....#..#....
..........#..⌠.##...#.⌠.
...........#.### #..# .
.......####..# ...
...b...# #.. ..##
.......# #.. #..
.......#


You could see a komodo dragon (slow) and a blink frog (poisoned).

Vanquished Creatures
  3 death yaks (D:8)
  A black mamba (Lair:1)
  2 cane toads (Lair:1)
  A rime drake (Lair:1)
  2 komodo dragons (Lair:1)
  Prince Ribbit (D:6)
  A blink frog (Lair:1)
  Sigmund (D:2)
  7 yaks
  3 steam dragons
  2 acid dragons
  8 water moccasins
  2 orc warriors
  3 ice beasts
  A black bear (D:6)
  3 ogres
  A centaur (D:7)
  A phantom (D:4)
  2 kobold brigands
  5 bullfrogs
  A gnoll sergeant (D:5)
  4 scorpions
  5 wights
  A howler monkey (D:6)
  5 hounds
  2 jellies
  Crazy Yiuf (D:2)
  A sleepcap (D:6)
  Jessica (D:2)
  Terence (D:3)
  A gnoll bouda (D:7)
  2 iguanas (D:6)
  Natasha (D:1)
  3 orc wizards
  2 hell rats (D:8)
  Robin (D:3)
  7 gnolls
  15 adders
  2 river rats (D:8)
  2 ufetubi (D:5)
  A worm (D:3)
  14 orcs
  4 bats (D:1)
  8 endoplasms
  4 giant cockroaches (D:1)
  10 goblins
  8 hobgoblins
  3 jackals (D:2)
  18 kobolds
  6 quokkas
  2 ball pythons
  3 frilled lizards
  6 rats
195 creatures vanquished.

Notes
Turn   | Place    | Note
-------+----------+-------------------------------------------
     0 | D:1      | zenocrate the Draconian Ice Elementalist began the quest
                  | for the Orb.
     0 | D:1      | Reached XP level 1. HP: 14/14 MP: 3/3
   202 | D:1      | Reached XP level 2. HP: 19/20 MP: 5/5
   385 | D:1      | Reached skill level 1 in Fighting
   954 | D:1      | Reached XP level 3. HP: 28/28 MP: 3/6
   960 | D:1      | Learned a level 3 spell: Frozen Ramparts
   964 | D:1      | Learned a level 3 spell: Ozocubu's Armour
  1088 | D:2      | Noticed Natasha
  1104 | D:1      | Killed Natasha
  1282 | D:2      | Reached XP level 4. HP: 35/36 MP: 4/8
  1342 | D:2      | Found a faded altar of an unknown god.
  1696 | D:2      | Noticed Sigmund
  1710 | D:2      | Killed Sigmund
  1711 | D:2      | Reached skill level 5 in Ice Magic
  1711 | D:2      | Reached XP level 5. HP: 18/41 MP: 0/10
  1868 | D:2      | Noticed Jessica
  1874 | D:2      | Killed Jessica
  1875 | D:2      | Reached XP level 6. HP: 48/48 MP: 9/11
  1982 | D:2      | Identified the +8 hammer "Gesab" {freeze, Dex+4}
  2100 | D:2      | Found a runed translucent door.
  2170 | D:2      | Noticed Crazy Yiuf
  2265 | D:2      | Killed Crazy Yiuf
  2352 | D:3      | Learned a level 4 spell: Summon Ice Beast
  2675 | D:3      | Noticed Terence
  2685 | D:3      | Killed Terence
  2938 | D:3      | Noticed Robin
  2950 | D:3      | Killed Robin
  3071 | D:3      | Noticed Ijyb
  3590 | D:4      | Found an ancient bone altar of Kikubaaqudgha.
  3753 | D:4      | Your scales start taking on a lurid green colour.
  3753 | D:4      | Reached XP level 7. HP: 53/55 MP: 11/13
  3753 | D:4      | Gained mutation: Your system is resistant to poisons.
                  | (rPois) [Green Draconian growth]
  3923 | D:5      | Entered Level 5 of the Dungeon
  3946 | D:5      | Found Ynowyh's Elemental Accessories.
  3957 | D:5      | Reached skill level 6 in Ice Magic
  4192 | D:5      | Reached skill level 5 in Spellcasting
  4365 | D:5      | Reached skill level 1 in Evocations
  4365 | D:5      | Reached XP level 8. HP: 44/61 MP: 5/16
  4720 | D:5      | Found a snail-covered altar of Cheibriados.
  4721 | D:5      | Found a sacrificial altar of Ru.
  4722 | D:5      | Found an iron altar of Okawaru.
  4723 | D:5      | Found a hazy altar of Hepliaklqana.
  4723 | D:5      | Found a broken altar of Ashenzari.
  4725 | D:5      | Found a shimmering altar of Xom.
  4725 | D:5      | Found a radiant altar of Vehumet.
  4726 | D:5      | Found a burning altar of Makhleb.
  4738 | D:5      | Reached skill level 7 in Ice Magic
  4768 | D:5      | Became a worshipper of Cheibriados the Contemplative
  4894 | D:5      | Learned a level 4 spell: Olgreb's Toxic Radiance
  5200 | D:6      | Found a basalt altar of Yredelemnul.
  5447 | D:6      | Found a staircase to the Ecumenical Temple.
  5461 | Temple   | Entered the Ecumenical Temple
  5504 | D:6      | Noticed Prince Ribbit
  5517 | D:6      | Killed Prince Ribbit
  5518 | D:6      | Reached skill level 1 in Poison Magic
  5518 | D:6      | Reached XP level 9. HP: 54/70 MP: 14/18
  5556 | D:6      | Reached skill level 8 in Ice Magic
  5703 | D:6      | Reached * piety under Cheibriados
  6476 | D:7      | Found Naggewo's Weapon Shop.
  6499 | D:7      | Reached skill level 5 in Poison Magic
  6648 | D:7      | Reached skill level 9 in Ice Magic
  6688 | D:7      | Reached ** piety under Cheibriados
  6923 | D:7      | Reached XP level 10. HP: 76/77 MP: 19/22
  7117 | D:7      | Gained mutation: Your tail ends in a venomous barb. [potion
                  | of mutation]
  7117 | D:7      | Gained mutation: Your spells are a little harder to cast,
                  | but a little more powerful. [potion of mutation]
  7117 | D:7      | Gained mutation: Your mind is acute. (Int +4, Str/Dex -1)
                  | [potion of mutation]
  7203 | D:8      | Noticed a death yak
  7208 | D:8      | Noticed a death yak
  7209 | D:8      | Noticed a death yak
  7215 | D:8      | Reached skill level 1 in Shapeshifting
  7216 | D:8      | Killed a death yak
  7223 | D:8      | Killed a death yak
  7224 | D:8      | Reached skill level 10 in Ice Magic
  7229 | D:8      | Killed a death yak
  7237 | D:8      | Reached *** piety under Cheibriados
  7360 | D:8      | Found a staircase to the Lair.
  7966 | D:8      | Found Geuqoej's Magic Scroll Boutique.
  7969 | D:8      | Bought a scroll of revelation for 120 gold pieces
  7969 | D:8      | Bought a scroll of summoning for 152 gold pieces
  7969 | D:8      | Bought a scroll of identify for 32 gold pieces
  7969 | D:8      | Bought a scroll of fear for 64 gold pieces
  8077 | Lair:1   | Entered Level 1 of the Lair of Beasts
  8103 | Lair:1   | Noticed a black mamba
  8110 | Lair:1   | Killed a black mamba
  8347 | Lair:1   | Reached XP level 11. HP: 82/82 MP: 24/24
  8560 | Lair:1   | HP: 1/82 [komodo dragon (25)]
  8561 | Lair:1   | Slain by a komodo dragon

Illustrated notes

Levels and vault maps discovered:
D:1:      dpeg_arrival_water_fire, layout_loops_ring, minmay_tetromino_i4
D:2:      layout_loops_ring, chequers_ecumenical_altar_simple_redux,
          uniq_natasha, uniq_sigmund, uniq_jessica, uniq_crazy_yiuf_cottage
D:3:      layout_basic, uniq_robin, uniq_terence, uniq_ijyb
D:4:      layout_rooms, kiku_gazebo_pond_becter
D:5:      layout_loops_ring, grunt_temple_overflow_open, nicolae_elemental_shop,
          guppyfry_early_lair_pool
D:6:      minmay_diamond_boxcup, layout_layer_cave, marbit_many_paths,
          minmay_temple_entry_glass, amcnicky_mini_pool_small,
          uniq_prince_ribbit1
D:7:      layout_rooms, serial_shops, shop
D:8:      layout_basic, dpeg_lair_monsters, serial_shops,
          nicolae_shop_tiny_real_fake_doors
Temple:   hellmonk_temple_two_chambers
Lair:1:   layout_small_grid, nicolae_lair_lakeside_cave, lemuel_fruit_fields,
          grunt_megastairs_2

Skill      XL: |  1  2  3  4  5  6  7  8  9 10 11 |
---------------+----------------------------------+-----
Fighting       | 1 2 3 |  3.2
Spellcasting   | 3 4 5 6 8 9 |  9.7
Dodging        | 2 3 4 |  4.5
Ice Magic      | 5 6 7 9 10 | 10.4
Evocations     | 1 3 |  3.0
Poison Magic   | 1 5 6 7 |  7.3
Shapeshifting  | 4 |  4.5
Stealth        | 3 |  3.1

Action                     |  1- 3 |  4- 6 |  7- 9 | 10-12 || total
---------------------------+-------+-------+-------+-------++-------
  Melee: Dagger            |    57 |    10 |       |       ||    67
         Tailslap          |     3 |    10 |    24 |     9 ||    46
         Punch             |     1 |       |     2 |     3 ||     6
         Short sword       |       |    14 |       |       ||    14
         Mace              |       |    82 |   181 |    81 ||   344
         Unarmed           |       |     4 |       |       ||     4
   Cast: Freeze            |    34 |    19 |       |       ||    53
         Frozen Ramparts   |       |     5 |    14 |     9 ||    28
         Ozocubu's Armour  |       |     1 |    10 |     5 ||    16
         Olgreb's Toxic Ra |       |       |       |     4 ||     4
Ability: Breathe Noxious F |       |       |     8 |     3 ||    11
    Use: Potion            |     1 |       |       |     3 ||     4
         Scroll            |       |     4 |     3 |     2 ||     9
   Stab: Sleeping          |     3 |     4 |     2 |       ||     9
         Confused          |       |       |     2 |     1 ||     3
         Distracted        |       |       |       |     1 ||     1
 Armour: Skin              |    57 |    83 |   165 |    74 ||   379
  Dodge: Dodged            |    50 |    83 |   205 |    74 ||   412

Table legend: (Time is in decaauts)
 A = Elapsed time spent in this place.
 B = Non-inter-level travel time spent in this place.
 C = Inter-level travel time spent in this place.
 D = Time resting spent in this place.
 E = Time spent auto-exploring this place.
 F = Levels seen in this place.
 G = Mean time per level.
                   A        B        C        D        E       F      G
               +--------+--------+--------+--------+--------+-----+--------+
         Total |   9747 |   9391 |    356 |    128 |   7636 |  10 |  974.7 |
       Dungeon |   9150 |   8794 |    356 |    128 |   7155 |   8 | 1143.8 |
        Temple |      1 |      1 |      0 |      0 |      0 |   1 |    1.0 |
          Lair |    595 |    595 |      0 |      0 |    480 |   1 |  595.0 |
               +--------+--------+--------+--------+--------+-----+--------+

Top non-repeatable levels by time:
     D:6: 1860 daAuts
     D:8: 1292 daAuts
     D:3: 1209 daAuts
     D:5: 1198 daAuts
     D:1: 1184 daAuts
     D:2: 1162 daAuts
     D:7: 853 daAuts
  Lair:1: 595 daAuts
     D:4: 390 daAuts
  Temple: 1 daAuts
